 Dungeon Crawl Stone Soup version 0.32-a0-329-ge6c31236d6 (webtiles) character file.

Game seed: 13474673174917474071

155 retardedninja the Trooper (level 5, -6/46 HPs)
             Began as a Mountain Dwarf Fighter on Feb 16, 2024.
             Mangled by a gnoll
             ... wielding a +0 halberd
             ... led by a gnoll bouda
              (11 damage)
             ... on level 2 of the Dungeon.
             The game lasted 00:03:55 (2999 turns).

retardedninja the Trooper (Mountain Dwarf Fighter)  Turns: 2999, Time: 00:03:56

Health: -6/46      AC:  7    Str: 20    XL:     5   Next: 14%
Magic:  5/5        EV:  9    Int:  9    God:
Gold:   133        SH:  4    Dex:  9    Spells: 4/4 levels left

rFire   . . .        a - +0 war axe
rCold   . . .        c - +0 buckler
rNeg    . . .        b - +0 scale mail
rPois   .            (no helmet)
rElec   .            (no cloak)
rCorr   .            (no gloves)
SInv    .            (no boots)
Will    .....        (no amulet) Stlth
                     (no ring)
HPRegen 0.27/turn    (no ring)
MPRegen 0.09/turn

%: no passive effects
@: no status effects
A: runic magic, artefact enchanting
a: no special abilities


You were on level 2 of the Dungeon.
You visited 1 branch of the dungeon, and saw 3 of its levels.

You collected 133 gold pieces.

Inventory:

Hand Weapons
 a - a +0 war axe (weapon)
Armour
 b - a +0 scale mail (worn)
 c - a +0 buckler (worn)
 e - a scarf of shadows
 m - a +0 cloak
 r - a +1 pair of boots
Scrolls
 g - 3 scrolls of identify {unknown}
 h - a scroll of vulnerability {unknown}
 i - 2 scrolls of teleportation {unknown}
 k - a scroll of noise {unknown}
 l - 2 scrolls of enchant weapon {unknown}
 n - 2 scrolls of enchant armour {unknown}
 o - a scroll of immolation {unknown}
Potions
 d - a potion of might
 f - a potion of curing {unknown}
 j - a potion of brilliance {unknown}
 p - a potion of invisibility {unknown}
 q - a potion of degeneration {unknown}


   Skills:
 + Level 4.3 Fighting
 + Level 3.9 Axes
 + Level 4.3 Armour
 + Level 4.2 Shields


You had 4 spell levels left.
You didn't know any spells.
Your spell library contained the following spells:

 Spells                   Type           Power      Damage    Failure   Level
 Cigotuvi's Dreadful Rot  Necr/Alch/Air  0%         N/A       67%         2
 Ignite Poison            Fire/Alch      0%         N/A       99%         4
 Freezing Cloud           Conj/Ice/Air   0%         6-21      100%        5


Dungeon Overview and Level Annotations

Branches:
Dungeon (3/15)

Altars:
Gozag
Makhleb
Xom
The Shining One

Shops:
D:1 (

Annotations:
D:3 1 runed translucent door, Tollund's ghost, amateur OpSh


Innate Abilities, Weirdness & Mutations

Your spellcasting is much less encumbered by armour.
You can use scrolls of enchantment on lesser artefacts.


Message History

The gnoll bouda hits you with a +0 club.
You slash the gnoll bouda!
You kill the gnoll bouda!
You have reached level 5!
Things that are here:
a +0 club; a +0 robe You start resting.
Your attacks no longer feel as feeble.
You start resting.
HP restored.
There is a stone staircase leading down here.
You climb downwards.
Level annotation: 1 runed translucent door, Tollund's ghost, amateur OpSh
There is a stone staircase leading up, spattered with blood here.
The gnoll attacks as it pursues you!
The gnoll hits you from afar with a +0 halberd.
The gnoll hits you with a +0 halberd!
There is a stone staircase leading up, spattered with blood here.
The gnoll hits you with a +0 halberd!
You climb upwards.
There is a stone staircase leading down here.
The gnoll hits you with a +0 halberd!
* * * LOW HITPOINT WARNING * * *
You hit the gnoll.
The gnoll is lightly wounded.
The gnoll closely misses you.
You completely miss the gnoll.
The gnoll is lightly wounded.
The gnoll hits you with a +0 halberd!
* * * LOW HITPOINT WARNING * * *
You hit the gnoll.
The gnoll is heavily wounded.
You block the gnoll's attack. The gnoll closely misses you.
You barely miss the gnoll.
The gnoll is heavily wounded.
The gnoll barely misses you.
You hit the gnoll but do no damage.
The gnoll is heavily wounded.
The gnoll hits you with a +0 halberd!
You die...

# #.# ######### #.##...##.#### #
#.# #.......# #.##.#........
###.######.#####.# #.##...##.####
##............##.# #.###.###.# #
#.....####.##.##.# #.###.###.# #
##...## #........# #.........# #
#..## #..##.##.# #####.##### #
##..# #........## #.# ....#
#.###...@g# #.# ###'## #.# ####>##
#.# ##...## #.######)# #.#
#.....###........# #.####
.......######.##.# #.##.## #
........####...#.#######.#...####
........'..รท....................'
........####)..#.#######.#...####
.......## ##.##.###........## #


You could see a gnoll.

Vanquished Creatures
  A gnoll bouda (D:2)
  An adder (D:2)
  A gnoll (D:2)
  A ribbon worm (D:2)
  3 orcs (D:3)
  3 ball pythons
  6 bats
  5 endoplasms
  5 giant cockroaches
  4 goblins
  6 hobgoblins
  2 jackals (D:2)
  9 kobolds
  A quokka (D:1)
  4 frilled lizards
  5 rats
57 creatures vanquished.

Notes
Turn   | Place    | Note
-------+----------+-------------------------------------------
     0 | D:1      | retardedninja the Mountain Dwarf Fighter began the quest
                  | for the Orb.
     0 | D:1      | Reached XP level 1. HP: 19/19 MP: 1/1
   105 | D:1      | Reached XP level 2. HP: 6/26 MP: 2/2
   621 | D:1      | Reached XP level 3. HP: 33/33 MP: 3/3
   752 | D:1      | Found Wyeclyut's Antique Weapon Boutique.
  1185 | D:2      | Found a faded altar of an unknown god.
  1227 | D:2      | Reached XP level 4. HP: 40/40 MP: 4/4
  1887 | D:3      | Found an opulent altar of Gozag.
  2001 | D:3      | Found a glowing golden altar of the Shining One.
  2024 | D:3      | Found a runed translucent door.
  2027 | D:3      | Noticed Tollund's ghost (amateur OpSh)
  2089 | D:3      | Found a burning altar of Makhleb.
  2407 | D:3      | Found a shimmering altar of Xom.
  2942 | D:2      | Reached XP level 5. HP: 34/46 MP: 5/5
  2999 | D:2      | Mangled by a gnoll

Illustrated notes

Levels and vault maps discovered:
D:1:      dpeg_arrival_windows_large_door, layout_basic, serial_shops,
          nicolae_shop_trees
D:2:      layout_loops_corners, shapermc_ecumenical_altar_notcrosses,
          kennysheep_generic_room_15
D:3:      layout_basic, bloody_makhleb, mainiacjoe_overflow_alcove_2,
          nicolae_tso_swordbearing_angel, overflow_temple_1_default,
          hellmonk_ghost_happy_afterlife, nicolae_grassy_gnolls

Skill      XL: |  1  2  3  4 |
---------------+-------------+-----
Axes           | 3 |  3.9
Fighting       | 4 |  4.3
Armour         | 4 |  4.3
Shields        | 4 |  4.2

Action                     |  1- 3 |  4- 6 || total
---------------------------+-------+-------++-------
  Melee: War axe           |    90 |    96 ||   186
 Armour: Scale mail        |    82 |    62 ||   144
  Dodge: Dodged            |    51 |    45 ||    96
  Block: Buckler           |    25 |    28 ||    53

Table legend: (Time is in decaauts)
 A = Elapsed time spent in this place.
 B = Non-inter-level travel time spent in this place.
 C = Inter-level travel time spent in this place.
 D = Time resting spent in this place.
 E = Time spent auto-exploring this place.
 F = Levels seen in this place.
 G = Mean time per level.
                   A        B        C        D        E       F      G
               +--------+--------+--------+--------+--------+-----+--------+
         Total |   3071 |   3000 |     71 |    452 |   2061 |   3 | 1023.7 |
       Dungeon |   3071 |   3000 |     71 |    452 |   2061 |   3 | 1023.7 |
               +--------+--------+--------+--------+--------+-----+--------+

Top non-repeatable levels by time:
     D:2: 1537 daAuts
     D:1: 857 daAuts
     D:3: 677 daAuts
